 Dungeon Crawl Stone Soup version 0.30.0-20-g3615ddf2f0 (webtiles) character file.

Game seed: 8178639056336778750

418 qw the Chopper (level 6, -2/39 HPs)
             Began as a Gargoyle Fighter on June 1, 2023.
             Slain by a gnoll
             ... wielding a +0 spear
              (4 damage)
             ... on level 4 of the Dungeon.
             The game lasted 00:01:30 (2907 turns).

qw the Chopper (Gargoyle Fighter)                   Turns: 2907, Time: 00:01:30

Health: -2/39      AC: 12    Str: 22    XL:     6   Next: 93%
Magic:  6/6        EV: 10    Int:  8    God:
Gold:   281        SH:  4    Dex:  9    Spells: 5/5 levels left

rFire   . . .        Y - +0 war axe
rCold   . . .        c - +0 buckler
rNeg    + . .        b - +0 scale mail
rPois   inf          (no helmet)
rElec   +            (no cloak)
rCorr   .            i - +0 pair of gloves
SInv    .            (no boots)
Will    .....        (no amulet) Stlth
                     (no ring)
HPRegen 0.26/turn    (no ring)
MPRegen 0.10/turn

%: no passive effects
@: slowed, very slow
A: sickness immunity, AC +4, negative energy resistance 1, electricity
resistance, torment resistance 1, petrification resistance
a: no special abilities


You were on level 4 of the Dungeon.
You visited 2 branches of the dungeon, and saw 5 of its levels.

You collected 281 gold pieces.


Innate Abilities, Weirdness & Mutations

You are immune to sickness and miasma.
Your stone body is resilient. (AC +4)
You are immune to poison.
You resist negative energy. (rN+)
You are resistant to electric shocks. (rElec)
You are resistant to unholy torment.
You are immune to petrification.


   Skills:
 - Level 4.7 Fighting
 + Level 5.2 Axes
 - Level 3.2 Armour
 - Level 2.0 Dodging
 - Level 3.2 Shields


You had 5 spell levels left.
You didn't know any spells.
Your spell library was empty.

Inventory:

Hand Weapons
 f - a +0 flail
 Y - a +0 war axe (weapon)
Missiles
 h - 6 boomerangs (quivered)
Armour
 b - a +0 scale mail (worn)
 c - a +0 buckler (worn)
 i - a +0 pair of gloves (worn)
Jewellery
 g - a ring of fire
Scrolls
 a - 8 scrolls of identify
Potions
 d - a potion of might
 e - a potion of curing
 k - 4 potions of mutation

Dungeon Overview and Level Annotations

Branches:
Dungeon (4/15)             Temple (1/1) D:4

Altars:
Ashenzari
Cheibriados
Dithmenos
Elyvilon
Hepliaklqana
Qazlal
Ru
Sif Muna
Trog
Uskayaw
Wu Jian
Xom
Zin

Annotations:
D:4 Natasha


Message History

You barely miss the gnoll.
The gnoll is almost dead.
You closely miss the gnoll. You hit the ogre.
The gnoll hits you but does no damage. x3; You block the ogre's attack.
Natasha wildly gestures.
Natasha glows brightly for a moment.
The gnoll hits you with a +0 spear. The gnoll hits you with a +0 halberd!
The gnoll hits you from afar with a +0 spear.
You closely miss the gnoll.
The gnoll is almost dead.
You hit the ogre. You closely miss the gnoll. The ogre closely misses you.
The gnoll hits you but does no damage.
The gnoll hits you from afar with a +0 spear.
The gnoll closely misses you.
You barely miss the gnoll.
The gnoll is almost dead.
You slash the ogre! You hit the gnoll.
You kill the gnoll!
The gnoll closely misses you. The ogre barely misses you.
You block the gnoll's attack.
Natasha extends her claws.
You slash the ogre!
You kill the ogre!
You hit the gnoll.
You kill the gnoll!
The gnoll hits you but does no damage.
Natasha stares at you and mumbles some strange words.
You feel yourself slow down.
Your Dodging skill gained 2 levels and is now at level 2!
You miss Natasha. The gnoll hits you but does no damage.
You block Natasha's attack. The gnoll hits you but does no damage.
Natasha stares at you and mumbles some strange words.
You resist with some effort.
You hit Natasha.
Natasha is lightly wounded.
The gnoll hits you from afar with a +0 spear.
You block Natasha's attack.
The gnoll hits you from afar with a +0 spear.
You die...

#..?....# #...
#.#.##### #...
#.#.# #...
#####.#.# ##..
##.....#'####
#..
#.............
#..
#...######....
#.. #..## ..
### #)@# #)h#
#.g# #..# #..#
##.. #.. #.#


You could see Natasha and a gnoll.

Vanquished Creatures
  A black bear (D:4)
  An ogre (D:4)
  A scorpion (D:4)
  A hound (D:3)
  An iguana (D:4)
  2 gnolls (D:4)
  4 adders
  A dart slug (D:3)
  An orc (D:4)
  9 endoplasms
  A giant cockroach (D:1)
  13 goblins
  10 hobgoblins
  7 kobolds
  2 quokkas
  6 ball pythons
  5 bats
  4 frilled lizards
  6 rats
76 creatures vanquished.

Notes
Turn   | Place    | Note
-------+----------+-------------------------------------------
     0 | D:1      | qw the Gargoyle Fighter began the quest for the Orb.
     0 | D:1      | Reached XP level 1. HP: 14/14 MP: 1/1
     0 | D:1      | 0 ||| qw: Version: 0.2-a-102-gdf20003
     0 | D:1      | 0 ||| qw: Game counter: 719
     0 | D:1      | 0 ||| qw: Always use a shield: true
     0 | D:1      | 0 ||| qw: God list: Okawaru
     0 | D:1      | 0 ||| qw: Allow faded altars: false
     0 | D:1      | 0 ||| qw: Do Orc after D:15 true
     0 | D:1      | 0 ||| qw: Do second Lair branch before Depths: true
     0 | D:1      | 0 ||| qw: Lair rune preference: random
     0 | D:1      | 0 ||| qw: Plans: Normal, Zot:1-4, Slime:5, God:TSO, Crypt,
                  | Tomb, Pan, Hells, Abyss, Win
     0 | D:1      | 0 ||| PLANNING D:1-11
   103 | D:1      | Reached skill level 2 in Axes
   206 | D:1      | Reached XP level 2. HP: 19/19 MP: 2/2
   244 | D:1      | Found a faded altar of an unknown god.
   598 | D:1      | 598 ||| READING scroll labelled XUPPIN ENLALO.
   724 | D:2      | Reached skill level 3 in Axes
   724 | D:2      | Reached XP level 3. HP: 23/23 MP: 3/3
   787 | D:2      | Identified the +2 whip "Xanod" {heavy, Stlth+}
   789 | D:2      | 789 ||| DROPPING +0 whip.
  1006 | D:2      | Reached XP level 4. HP: 21/28 MP: 4/4
  1149 | D:2      | 1149 ||| Stepping ~*~*~tactically~*~*~ (hiding).
  1150 | D:2      | 1150 ||| Stepping ~*~*~tactically~*~*~ (hiding).
  1305 | D:2      | Reached skill level 4 in Axes
  1561 | D:2      | You fall into a shaft and drop 2 floors!
  1562 | D:4      | 1562 ||| UPGRADING to +0 pair of gloves.
  1567 | D:4      | 1567 ||| READING 7 scrolls labelled PACOCW HOLABB.
  1568 | D:4      | 1568 ||| READING scroll labelled PACISIX WUUGUST.
  1569 | D:4      | 1569 ||| READING scroll labelled GEAFAY YN MASK.
  1570 | D:4      | 1570 ||| READING scroll labelled PAASOO ICSIM.
  1571 | D:4      | 1571 ||| DRINKING 2 murky coppery potions.
  1572 | D:4      | 1572 ||| READING 6 scrolls of identify.
  1572 | D:4      | 1572 ||| IDENTIFYING fizzy green potion
  1864 | D:3      | Found a glowing silver altar of Zin.
  1888 | D:3      | 1888 ||| Stepping ~*~*~tactically~*~*~ (stealth).
  1955 | D:3      | Found a bloodstained altar of Trog.
  1958 | D:3      | 1958 ||| Stepping ~*~*~tactically~*~*~ (hiding).
  2213 | D:3      | 2213 ||| READING scroll labelled HIDEUM JIOL.
  2214 | D:3      | 2214 ||| DRINKING 3 lumpy blue potions.
  2215 | D:3      | 2215 ||| DRINKING 2 sedimented golden potions.
  2216 | D:3      | 2216 ||| DROPPING 2 potions of magic.
  2236 | D:4      | 2236 ||| STAIRDANCE
  2260 | D:3      | Reached XP level 5. HP: 16/32 MP: 5/5
  2334 | D:4      | Found a white marble altar of Elyvilon.
  2416 | D:4      | Reached skill level 5 in Axes
  2425 | D:4      | 2425 ||| DROPPING +2 whip "Xanod" {heavy, Stlth+}.
  2643 | D:4      | Noticed a black bear
  2653 | D:4      | HP: 7/33 [black bear (2)]
  2654 | D:4      | 2654 ||| DRINKING potion of heal wounds.
  2655 | D:4      | Killed a black bear
  2656 | D:4      | Reached XP level 6. HP: 34/39 MP: 6/6
  2682 | D:4      | 2682 ||| Stepping ~*~*~tactically~*~*~ (hiding).
  2804 | D:4      | Found a staircase to the Ecumenical Temple.
  2805 | D:4      | 2805 ||| PLANNING TEMPLE
  2822 | Temple   | Entered the Ecumenical Temple
  2836 | Temple   | 2836 ||| PLANNING D:1-11
  2863 | D:4      | 2863 ||| Stepping ~*~*~tactically~*~*~ (stealth).
  2900 | D:4      | Noticed Natasha
  2902 | D:4      | HP: 5/39 [gnoll/+0 halberd (10)]
  2903 | D:4      | HP: 2/39 [gnoll/+0 spear (3)]
  2907 | D:4      | Slain by a gnoll

Levels and vault maps discovered:
D:1:      matt_arrival_grand_opening, layout_rooms,
          ebering_ecumenical_altar_abandoned, serial_rivers,
          chequers_serial_rivers_marsh, chequers_serial_rivers_large_a,
          chequers_serial_rivers_marsh, chequers_serial_rivers_micro_d,
          chequers_serial_rivers_micro_c, chequers_serial_rivers_micro_b,
          hangedman_glass_teeth
D:2:      kennysheep_the_goblin_king, layout_loops_ring
D:3:      layout_rooms, nicolae_overflow_crystal_walls, zin_statuary,
          bh_walls_and_bars
D:4:      layout_basic, kennysheep_mini_moat,
          chequers_temple_overflow_statue_of_worship, temple_green,
          minmay_hollow_rounded_squares, uniq_natasha, uniq_blork_the_orc,
          uniq_grinder
Temple:   hellmonk_temple_rainy

Skill      XL: |  1  2  3  4  5  6 |
---------------+-------------------+-----
Axes           | 2 3 4 5 |  5.2
Fighting       | 4 |  4.7
Dodging        | 2 |  2.0
Armour         | |  3.2
Shields        | |  3.2

Action                     |  1- 3 |  4- 6 || total
---------------------------+-------+-------++-------
  Melee: War axe           |    79 |   139 ||   218
  Throw: Boomerang         |    37 |     4 ||    41
    Use: Scroll            |     1 |     6 ||     7
         Potion            |       |     4 ||     4
 Armour: Scale mail        |    59 |    91 ||   150
  Dodge: Dodged            |    46 |    78 ||   124
  Block: Buckler           |    14 |    24 ||    38

Table legend:
 A = Non-vault XP
 B = Vault XP
 C = Vault XP percentage of total XP
 D = Non-vault monster count
 E = Vault monster count
 F = Vault count percentage of total count
                 A         B        C        D         E       F
            +---------+---------+-------+---------+---------+-------
      Total |     585 |      13 |   2.2 |      69 |       7 |   9.2
            +---------+---------+-------+---------+---------+-------
        D:1 |      26 |       0 |   0.0 |      17 |       0 |   0.0
        D:2 |      62 |      13 |  17.3 |      19 |       7 |  26.9
        D:3 |      85 |       0 |   0.0 |      17 |       0 |   0.0
        D:4 |     412 |       0 |   0.0 |      16 |       0 |   0.0
            +---------+---------+-------+---------+---------+-------
